 Dungeon Crawl Stone Soup version 0.22-a0-224-g8cf3520 (webtiles) character file.

21170 Amnesiac the Covert (level 12, -2/86 HPs)
             Began as a Vampire Earth Elementalist on Feb 19, 2018.
             Was a Priest of Ashenzari.
             Slain by kuniqs's ghost (8 damage)
             ... on level 2 of the Orcish Mines.
             The game lasted 00:55:09 (14880 turns).

Amnesiac the Covert (Vampire Earth Elementalist)   Turns: 14880, Time: 00:55:09

Health: -2/86      AC:  9    Str:  7    XL:     12   Next: 51%
Magic:  16/23      EV: 16    Int: 23    God:    Ashenzari [***...]
Gold:   760        SH:  0    Dex: 14    Spells: 2/26 levels left

rFire    . . .     SeeInvis +   a - +0 dagger (flame)
rCold    + + .     Gourm    .   (no shield)
rNeg     + + +     Faith    .   O - +0 leather armour (curse)
rPois    ∞         Spirit   .   t - +0 helmet (curse)
rElec    .         Reflect  .   (no cloak)
rCorr    .         Harm     .   H - +1 pair of gloves (curse)
MR       +....                  Q - +0 pair of boots
Stlth    +++++++...             s - amulet of magic regeneration (curse)
HPRegen  0.00/turn              u - +2 ring of slaying (curse)
MPRegen  0.43/turn              C - +2 ring of intelligence

@: very slightly contaminated, bloodless, non-regenerating
A: fangs 3, iridescent scales 1, see invisible, dopey 1, wild magic 1,
unbreathing
a: Bat Form, Curse Item, Scrying, Renounce Religion


You were on level 2 of the Orcish Mines.
You worshipped Ashenzari.
Ashenzari was most pleased with you.
You were bloodless.

You visited 3 branches of the dungeon, and saw 14 of its levels.
You also visited: Sewer, Bailey and Ice Cave.

You collected 1644 gold pieces.
You spent 884 gold pieces at shops.

Inventory:

Hand Weapons
 a - a +0 dagger of flaming (weapon)
 b - a +0 hunting sling
 d - a +3 hand axe
 p - a +3 rapier of speed
 F - a +1 blowgun
 K - a +0 fustibalus
Missiles
 m - 212 stones (quivered)
 y - 42 sling bullets
 B - 21 poisoned needles
 S - 3 curare-tipped needles
Armour
 t - a cursed +0 helmet (worn)
 H - a cursed +1 pair of gloves (worn)
 J - the +5 ring mail of Liberty {Dex+6}
   (You found it on level 8 of the Dungeon)

   It affects your dexterity (+6).
 O - a cursed +0 leather armour (worn)
 Q - a +0 pair of boots (worn)
 Z - a +0 helmet of intelligence
Jewellery
 o - an uncursed ring of protection from cold
 s - a cursed amulet of magic regeneration (around neck)
 u - a cursed +2 ring of slaying (left hand)
 C - a +2 ring of intelligence (right hand)
 R - an uncursed ring of magical power
 Y - an uncursed amulet of guardian spirit
Wands
 c - a wand of polymorph (18)
 x - a wand of iceblast (9)
 W - a wand of paralysis (13)
Scrolls
 h - a scroll of enchant weapon {!r}
 i - 2 scrolls of fear {!r}
 j - a scroll of enchant armour {!r}
 k - 5 scrolls of remove curse {!r}
 l - 6 scrolls of teleportation {!r}
 r - a scroll of noise {!r}
 v - a scroll of magic mapping {!r}
Potions
 e - 11 potions of curing {!q}
 f - 3 potions of brilliance {!q, unknown}
 g - 3 potions of mutation {!q}
 n - 7 potions of might {!q}
 q - 43 potions of blood {!q}
 w - 3 potions of haste {!q}
 A - 5 potions of heal wounds {!q}
 E - 3 potions of agility {!q}
 I - a potion of resistance {!q}
 P - a potion of invisibility {!q}
 T - a potion of cancellation {!q}
 V - a potion of ambrosia {!q}
 X - a potion of magic {!q}
Miscellaneous
 z - a lightning rod (4/4)


   Skills:
 - Level 5.0 Fighting
 - Level 10.2 Short Blades
 - Level 6.2(8.1) Dodging
 + Level 12.1(13.7) Stealth
 - Level 7.5 Spellcasting
 - Level 7.0(9.0) Hexes
 - Level 9.0(10.8) Transmutations
 - Level 10.0(11.7) Earth Magic


You had 2 spell levels left.
You knew the following spells:

 Your Spells              Type           Power        Failure   Level  Hunger
b - Passwall              Tmut/Erth      ######....   1%          2    None
c - Confuse               Hex            ######..     1%          3    None
d - Lee's Rapid Deconstr  Erth           ######....   4%          5    #####..
e - Petrify               Tmut/Erth      ######..     2%          4    ###....
f - Cause Fear            Hex            ######....   4%          4    ###....
g - Yara's Violent Unrav  Hex/Tmut       ######....   8%          5    #####..
z - Confusing Touch       Hex            ######       1%          1    None


Dungeon Overview and Level Annotations

Branches:
Dungeon (11/15)            Temple (1/1) D:7            Lair (0/6) D:11
    Orc (2/2) D:11
    Elf: Orc:2

Altars:
Ashenzari
Cheibriados
Dithmenos
Elyvilon
Fedhas
Gozag
Hepliaklqana
Kikubaaqudgha
Makhleb
Nemelex Xobeh
Okawaru
Qazlal
Ru
Sif Muna
Trog
Uskayaw
Vehumet
Wu Jian
Xom
Yredelemnul
Zin
The Shining One

Shops:
D:4 =   D:5 [(   D:7 !   Orc:1 (?

Annotations:
D:3 PeterLawrence's ghost, amateur MiFi
Orc:2 kuniqs's ghost, journeyman MiFi


Innate Abilities, Weirdness & Mutations

You do not heal naturally.
You are immune to poison.
You have razor-sharp teeth.
You have supernaturally acute eyesight. (SInv)
You can survive without breathing.
You are partially covered in iridescent scales. (AC +2)
You are dopey. (Int -2)
Your spells are a little harder to cast, but a little more powerful.


Message History

You drop an uncursed amulet of harm.
Wear which item? (? for menu, Esc to quit)
Okay, then.
D - a scroll of acquirement {!r} Thank you for shopping at Figuf's Magic Scroll Emporium!
Really read
D - a scroll of acquirement {!r}?
As you read the scroll of acquirement {!r}, it crumbles to dust. [a] Weapon [b] Armour [c] Jewellery [d] Book [e] Staff [f] Evocable [g] Blood [h] Gold What kind of item would you like to acquire? (\ to view known items)
Something appears at your feet!
D - the cursed dagger "Tocruekh" {antimagic, rElec rC- rN+ Str+2} Drop what? 47/52 slots (_ for help) (? for menu, Esc to quit)
You drop the cursed dagger "Tocruekh" {antimagic, rElec rC- rN+ Str+2}.
Done exploring.
Done exploring.
Done exploring.
Done exploring.
Okay, then.
Okay, then.
Search for what [Enter for "shop", or ? for help]?
Search for what [Enter for "shop", or ? for help]? shield Sorry, I don't know how to get there.
Unknown command.
Unknown command.
Press: ? - help, v - describe, . - travel, g - get item The cursed dagger "Tocruekh" {antimagic, rElec rC- rN+ Str+2}.
The floor.
Things that are here:
a +0 chain mail; an uncursed mace of draining; an orc skeleton You see here an uncursed short sword.
Two of your 45 potions of blood {!q} rot away.
There is a stone staircase leading down here.
You climb downwards.
Level annotation: kuniqs's ghost, journeyman MiFi Kuniqs's ghost hits you but does no damage.
The orc wizard casts a spell.
The orc wizard blinks!
The orc barely misses you. Kuniqs's ghost closely misses you.
There is a stone staircase leading up here.
Casting: Petrify (safe; 2% risk of failure)
Confirm with . or Enter, or press ? or * to list all spells.
Aiming: Petrify (safe; 2% risk of failure)
Press: ? - help, Shift-Dir - straight line, f - orc
Aim: an orc, wielding a hand axe and wearing a chain mail (chance to defeat MR: 90%)
You miscast Petrify.
You are very lightly contaminated with residual magic.
You momentarily stiffen.
The orc warrior barely misses you. The orc barely misses you.
Kuniqs's ghost completely misses you.
Casting: Petrify (safe; 2% risk of failure)
Confirm with . or Enter, or press ? or * to list all spells.
Aiming: Petrify (safe; 2% risk of failure)
Press: ? - help, Shift-Dir - straight line, f/p - orc
Aim: an orc, wielding a hand axe and wearing a chain mail (chance to defeat MR: 90%)
The orc is moving more slowly.
The orc completely misses you.
The orc warrior hits you from afar with a glaive!
* * * LOW HITPOINT WARNING * * *
Kuniqs's ghost misses you.
Unknown command.
The orc hits you with a hand axe.
* * * LOW HITPOINT WARNING * * *
Kuniqs's ghost hits you!!
* * * LOW HITPOINT WARNING * * *
You die...

#### *## ##..## ###.#.
#....##.#.... *
######........... **
##o##.##.......... ,,
* #@<.o............. *
##W.#.#........... ,,
##...%.....)...... ,
,, ##.......##........
, ,
,#$.........##.....#.
#........o...###.....
, ,.....##....)...#
..#..
..............##,,....
..#............## #...


You could see an orc warrior, an orc wizard, kuniqs's ghost and an orc
(petrifying).

Vanquished Creatures
  A frost giant (IceCv)
  An ogre mage (Orc:1)
  Erica (Orc:1)
  An orc high priest (Orc:1)
  A harpy (shapeshifter) (D:11)
  4 orc knights
  2 orc sorcerers (Orc:1)
  A cyclops (Orc:1)
  A gargoyle (D:11)
  2 ice devils (Orc:1)
  2 trolls
  11 polar bears (IceCv)
  A slime creature (D:11)
  A hippogriff (D:11)
  A wyvern (D:8)
  14 yaks
  7 wargs
  A water moccasin (D:8)
  Duvessa (D:6)
  4 sky beasts
  19 orc warriors
  An ice beast (D:7)
  4 phantoms
  9 ogres
  12 wolves (IceCv)
  3 centaurs
  4 big kobolds
  3 bullfrogs
  Dowan (D:6)
  3 scorpions
  4 killer bees (D:11)
  A howler monkey (D:9)
  4 crimson imps
  12 orc priests
  4 jellies
  8 hounds
  11 orc wizards
  3 bullfrog skeletons
  3 centaur skeletons
  4 iguanas
  10 worker ants
  A hound zombie (D:10)
  A hound skeleton (D:4)
  Robin (D:3)
  A worker ant zombie (D:7)
  A howler monkey skeleton (D:6)
  12 adders
  10 river rats
  A shadow imp (D:10)
  5 oozes (D:11)
  An adder zombie (D:8)
  An adder skeleton (D:4)
  4 worms
  A dart slug (D:2)
  4 leopard geckos
  43 orcs
  6 bats
  5 giant cockroaches
  20 goblins
  9 hobgoblins
  12 jackals
  7 quokkas
  5 ball pythons
  5 frilled lizards
  2 jackal skeletons (D:4)
  23 kobolds
  A quokka skeleton (D:4)
  A quokka zombie (D:8)
  21 rats
385 creatures vanquished.

Vanquished Creatures (others)
  A death yak (IceCv)
  A rime drake (IceCv)
  5 polar bears (IceCv)
  A yak (IceCv)
  An orc warrior (Bailey)
9 creatures vanquished.

Grand Total: 394 creatures vanquished

Notes
Turn   | Place    | Note
-------+----------+-------------------------------------------
     0 | D:1      | Amnesiac the Vampire Earth Elementalist began the quest for the Orb.
     0 | D:1      | Reached XP level 1. HP: 13/13 MP: 3/3
   697 | D:1      | Reached XP level 2. HP: 19/19 MP: 5/5
  1059 | D:2      | Found a radiant altar of Vehumet.
  1350 | D:2      | Reached XP level 3. HP: 20/24 MP: 6/6
  1564 | D:4      | Reached XP level 4. HP: 22/30 MP: 1/8
  1641 | D:4      | Reached skill level 5 in Earth Magic
  1641 | D:4      | Reached XP level 5. HP: 27/35 MP: 3/9
  1645 | D:4      | Found Peabb's Jewellery Shoppe.
  1977 | D:4      | Noticed an ogre
  1986 | D:4      | Killed an ogre
  1986 | D:4      | Reached XP level 6. HP: 39/41 MP: 6/11
  2556 | D:3      | Reached XP level 7. HP: 30/46 MP: 3/13
  2680 | D:3      | Noticed Robin
  2693 | D:3      | Killed Robin
  3178 | D:3      | Found a sparkling altar of Nemelex Xobeh.
  3179 | D:3      | Noticed PeterLawrence's ghost (amateur MiFi)
  3242 | D:2      | Learned a level 2 spell: Passwall
  3248 | D:2      | Learned a level 5 spell: Lee's Rapid Deconstruction
  3253 | D:2      | Learned a level 4 spell: Petrify
  3378 | D:2      | Found a hide-covered altar of Uskayaw.
  3685 | D:2      | Found a deep blue altar of Sif Muna.
  3863 | D:3      | Found a sacrificial altar of Ru.
  3864 | D:3      | Found a bloodstained altar of Trog.
  3928 | D:5      | Entered Level 5 of the Dungeon
  4196 | D:5      | Found Boitwut's Armour Boutique.
  4301 | D:5      | Found Xyeparocw's Weapon Emporium.
  4449 | D:5      | Reached skill level 5 in Spellcasting
  4509 | D:5      | Found a glowing drain.
  4511 | Sewer    | Entered a sewer
  4653 | Sewer    | Reached XP level 8. HP: 44/52 MP: 13/15
  5621 | D:6      | Found a sparkling altar of Nemelex Xobeh.
  5678 | D:6      | Found a blossoming altar of Fedhas.
  5789 | D:6      | Reached skill level 1 in Short Blades
  5822 | D:6      | Found a glowing golden altar of the Shining One.
  5871 | D:6      | Noticed Dowan
  5874 | D:6      | Noticed Duvessa
  5877 | D:6      | Killed Dowan
  5899 | D:6      | Killed Duvessa
  6002 | D:6      | Reached skill level 1 in Fighting
  6387 | D:7      | Found Askoydgh's Distillery.
  6884 | D:7      | Reached XP level 9. HP: 62/62 MP: 10/18
  7160 | D:7      | Found a bloodstained altar of Trog.
  7332 | D:7      | Found a staircase to the Ecumenical Temple.
  7341 | Temple   | Entered the Ecumenical Temple
  7466 | Temple   | Became a worshipper of Ashenzari the Shackled
  7472 | Temple   | Learned a level 1 spell: Confusing Touch
  7953 | D:8      | Found a flagged portal.
  7962 | Bailey   | Entered a bailey
  7984 | Bailey   | Learned a level 3 spell: Confuse
  8012 | Bailey   | Noticed an orc knight
  8067 | Bailey   | Killed an orc knight
  8090 | Bailey   | Reached skill level 5 in Dodging
  8772 | D:8      | Reached XP level 10. HP: 73/73 MP: 15/20
  8863 | D:8      | Reached skill level 10 in Earth Magic
  8997 | D:8      | Identified the +5 ring mail of Liberty {Dex+6}
  9046 | D:8      | Reached skill level 5 in Fighting
  9147 | D:8      | Reached skill level 1 in Hexes
  9315 | D:9      | Reached * piety under Ashenzari
  9480 | D:9      | Found a bloodstained altar of Trog.
  9529 | D:9      | Identified the +6 plate armour of Misanthropy {Dex+5}
  9777 | D:10     | Entered Level 10 of the Dungeon
  9968 | D:10     | Reached skill level 5 in Short Blades
 10008 | D:10     | Reached ** piety under Ashenzari
 10053 | D:10     | Reached skill level 4 in Stealth
 10070 | D:10     | Found a shadowy altar of Dithmenos.
 10321 | D:11     | Noticed a harpy
 10326 | D:11     | Killed a harpy
 10326 | D:11     | Reached skill level 5 in Stealth
 10348 | D:11     | Found a stormy altar of Qazlal.
 10439 | D:11     | Reached skill level 6 in Stealth
 10614 | D:11     | Reached skill level 7 in Stealth
 10760 | D:11     | Reached XP level 11. HP: 19/79 MP: 4/22
 10816 | D:11     | Found a staircase to the Orcish Mines.
 10969 | D:11     | Reached skill level 8 in Stealth
 10971 | D:11     | Found a staircase to the Lair.
 10972 | D:11     | Noticed a death yak
 11200 | D:11     | Noticed a death yak
 11217 | D:11     | Noticed a death yak
 11478 | D:11     | Learned a level 4 spell: Cause Fear
 11484 | D:11     | Learned a level 5 spell: Yara's Violent Unravelling
 11485 | Orc:1    | Entered Level 1 of the Orcish Mines
 11951 | Orc:1    | Found a frozen archway.
 11954 | IceCv    | Entered an ice cave
 12625 | IceCv    | Noticed a death yak
 12664 | IceCv    | Reached skill level 10 in Short Blades
 12716 | IceCv    | Killed a death yak
 12804 | IceCv    | Reached skill level 9 in Stealth
 12814 | IceCv    | Reached skill level 10 in Stealth
 12943 | IceCv    | Gained mutation: Your spells are a little harder to cast, but a little more powerful. [potion of mutation]
 12943 | IceCv    | Gained mutation: You are dopey. (Int -2) [potion of mutation]
 12943 | IceCv    | Gained mutation: You are partially covered in iridescent scales. (AC +2) [potion of mutation]
 13044 | IceCv    | Noticed a frost giant
 13700 | IceCv    | Killed a frost giant
 13700 | IceCv    | Reached skill level 5 in Hexes
 13700 | IceCv    | Reached skill level 5 in Transmutations
 13881 | Orc:1    | Noticed Erica
 13926 | Orc:1    | Reached XP level 12. HP: 29/86 MP: 11/23
 13955 | Orc:1    | Killed Erica
 14084 | Orc:1    | Noticed an orc high priest
 14189 | Orc:1    | Noticed an ogre mage
 14195 | Orc:1    | Found Figuf's Magic Scroll Emporium.
 14297 | Orc:1    | Found Zaahexoh's Weapon Shop.
 14318 | Orc:1    | Killed an ogre mage
 14497 | Orc:1    | Killed an orc high priest
 14497 | Orc:1    | Reached skill level 11 in Stealth
 14591 | Orc:2    | Entered Level 2 of the Orcish Mines
 14596 | Orc:2    | Reached *** piety under Ashenzari
 14640 | Orc:1    | HP: 2/86 [warg[an orc knight] (9)]
 14702 | Orc:2    | Noticed kuniqs's ghost (journeyman MiFi)
 14776 | Orc:1    | Reached skill level 12 in Stealth
 14855 | Orc:1    | Bought a scroll of acquirement for 884 gold pieces
 14857 | Orc:1    | Got the cursed dagger "Tocruekh" {antimagic, rElec rC- rN+ Str+2}
 14880 | Orc:2    | Slain by kuniqs's ghost

Vault maps used:
D:1:      evilmike_arrival_rings
D:2:      lemuel_blue_sif_altar, lemuel_doored_altar, old_standard_altar
D:3:      gammafunk_temple_overflow_pools, nemelex_spade_bored_becter,
          uniq_robin
D:4:      serial_shops, nicolae_shop_crystal, minmay_box_of_dots
D:5:      first_ration, serial_shops, shop_fountains, shop,
          gup_sewer_entry_spiral
D:6:      kennysheep_little_box, overflow_temple_1_default, tso_metal_star,
          uniq_duvessa
D:7:      temple_hall, serial_co_window_serial, co_window_paths_b,
          co_window_paths_a, co_window_cross_1, co_window_paths_a,
          co_window_paths_a, co_window_paths_b, co_window_paths_a,
          co_window_of_opportunity_b, co_window_unsneaky_path_c,
          co_window_2corner, co_window_cross_4, co_window_broadway_c,
          co_window_paths_c, glass_columns_a, basic_altar, serial_shops, shop
D:8:      enter_bailey_2
D:9:      basic_altar
D:10:     basic_altar
D:11:     dpeg_lair_monsters, minmay_orc_entry_guard_dogs,
          hangedman_little_slice_of_home, grunt_qazlal_sundering
Temple:   regret_index_temple_waves
Orc:1:    portal_ice_cave_demonic_guard, guppyfry_orc_lava_fort, uniq_erica
Orc:2:    st_orc_pillars, minmay_orc_treasury, uniq_nessos
Sewer:    sewer_minmay_treatment
Bailey:   bailey_polearm_4, bailey
IceCv:    ice_cave_caverns_03

Skill      XL: |  1  2  3  4  5  6  7  8  9 10 11 12 |
---------------+-------------------------------------+-----
Earth Magic    | 4 5 7 8 9 10 | 10.0
Spellcasting   | 3 4 5 6 7 |  7.5
Short Blades   | 3 7 10 | 10.2
Fighting       | 2 4 5 |  5.0
Dodging        | 3 5 6 |  6.2
Hexes          | 2 5 7 |  7.0
Stealth        | 7 10 12 | 12.1
Transmutations | 6 9 |  9.0

Action                   |  1- 3 |  4- 6 |  7- 9 | 10-12 || total
-------------------------+-------+-------+-------+-------++-------
Melee: Unarmed           |    27 |       |       |       ||    27
       Bite              |     3 |       |    20 |    50 ||    73
       Dagger            |     2 |       |   124 |   446 ||   572
 Fire: Hunting sling     |    64 |   110 |   282 |       ||   456
       Fustibalus        |       |       |     8 |       ||     8
 Cast: Sandblast         |    14 |    51 |   110 |    20 ||   195
       Passwall          |       |       |     7 |    25 ||    32
       Lee's Rapid Decon |       |       |     1 |    73 ||    74
       Petrify           |       |       |    49 |   166 ||   215
       Confuse           |       |       |    11 |     9 ||    20
       Cause Fear        |       |       |       |     1 ||     1
Invok: Curse Item        |       |       |     3 |       ||     3
 Abil: End Transformatio |       |       |     1 |     5 ||     6
       Bat Form          |       |       |     1 |     5 ||     6
  Use: Potion            |    10 |     1 |    10 |     8 ||    29
       Scroll            |       |       |    10 |    18 ||    28
 Stab: Sleeping          |     1 |       |    11 |    18 ||    30
       Petrified         |       |       |    60 |    93 ||   153
       Petrifying        |       |       |     4 |    47 ||    51
       Invisible         |       |       |     7 |       ||     7
       Confused          |       |       |       |     2 ||     2
       Distracted        |       |       |       |     1 ||     1
  Eat: Corpse            |       |       |       |     1 ||     1
Armor: Robe              |     4 |     8 |    38 |       ||    50
       Leather armour    |       |       |     1 |    91 ||    92
Dodge: Dodged            |    39 |    57 |   132 |   299 ||   527

Table legend:
 A = Spawn XP
 B = Non-spawn XP
 C = Spawn XP percentage of total XP
 D = Spawn monster count
 E = Non-spawn monster count
 F = Spawn count percentage of total count
 G = Total turns spent on level
                    A         B        C        D         E        F      G
               +---------+---------+-------+---------+---------+-------+---------
         Total |       0 |   30244 |   0.0 |       0 |     387 |   0.0 | 14880
               +---------+---------+-------+---------+---------+-------+---------
           D:1 |       0 |      16 |   0.0 |       0 |      10 |   0.0 |  1011
           D:2 |       0 |      73 |   0.0 |       0 |      15 |   0.0 |   943
           D:3 |       0 |     268 |   0.0 |       0 |      43 |   0.0 |   908
           D:4 |       0 |     641 |   0.0 |       0 |      23 |   0.0 |  1103
           D:5 |       0 |     419 |   0.0 |       0 |      24 |   0.0 |   708
           D:6 |       0 |     537 |   0.0 |       0 |      20 |   0.0 |   563
           D:7 |       0 |     839 |   0.0 |       0 |      23 |   0.0 |  1555
           D:8 |       0 |    1417 |   0.0 |       0 |      28 |   0.0 |   786
           D:9 |       0 |     311 |   0.0 |       0 |       5 |   0.0 |   462
          D:10 |       0 |    1044 |   0.0 |       0 |      17 |   0.0 |   530
          D:11 |       0 |    4123 |   0.0 |       0 |      36 |   0.0 |  1178
         Orc:1 |       0 |    8898 |   0.0 |       0 |      35 |   0.0 |  1427
         Orc:2 |       0 |     290 |   0.0 |       0 |       6 |   0.0 |    50
         Sewer |       0 |     411 |   0.0 |       0 |      48 |   0.0 |   930
        Bailey |       0 |    2024 |   0.0 |       0 |      16 |   0.0 |   643
         IceCv |       0 |    8933 |   0.0 |       0 |      38 |   0.0 |  1918
               +---------+---------+-------+---------+---------+-------+---------
